 Dungeon Crawl Stone Soup version 0.26-a0-639-g72c4674329 (webtiles) character file.

Game seed: 5020828046355745499

36130 PentaManta the Protected (level 14, -18/111 HPs)
             Began as a Formicid Abyssal Knight on Sept 19, 2020.
             Was a High Priest of Lugonu.
             Demolished by a white ugly thing (34 damage)
             ... on level 14 of the Dungeon.
             The game lasted 01:21:23 (24843 turns).

PentaManta the Protected (Formicid Abyssal Knight) Turns: 24843, Time: 01:21:23

Health: -18/111    AC: 11    Str: 27    XL:     14   Next: 22%
Magic:  22/22      EV: 18    Int: 13    God:    Lugonu [*****.]
Gold:   983        SH: 13    Dex: 16    Spells: 13/13 levels left

rFire    . . .     SeeInvis +   J - +2 halberd (elec)
rCold    . . .     Faith    +   E - +0 kite shield (curse)
rNeg     . . .     Spirit   .   h - +0 troll leather armour
rPois    .         Reflect  .   (helmet unavailable)
rElec    .         Harm     .   x - +2 cloak
rCorr    .         Rampage  .   j - +0 pair of gloves
MR       +....                  (no boots)
Stlth    +.........             W - amulet of faith
HPRegen  0.28/turn              d - +6 ring of dexterity
MPRegen  0.18/turn              r - +6 ring of strength

@: no status effects
A: permanent stasis, dig shafts and tunnels, four strong arms, antennae 3
a: Dig, Shaft Self, Depart the Abyss, Bend Space, Banish, Corrupt, Enter the
Abyss, Renounce Religion


You were on level 14 of the Dungeon.
You worshipped Lugonu.
Lugonu was extremely pleased with you.
You visited 3 branches of the dungeon, and saw 17 of its levels.
You visited the Abyss 1 time.
You also visited: Bailey.

You collected 983 gold pieces.

Inventory:

Hand Weapons
 a - a +5 battleaxe
 m - a +4 morningstar of venom
 u - a +4 hand axe of freezing
 J - a +2 halberd of electrocution (weapon)
 U - a +4 trident
 V - a +0 broad axe
Missiles
 c - 58 poisoned darts (quivered)
Armour
 h - a +0 troll leather armour (worn)
 i - a +3 plate armour of poison resistance
 j - a +0 pair of gloves (worn)
 v - +1 acid dragon scales
 x - a +2 cloak (worn)
 B - a +2 plate armour of positive energy
 E - a cursed +0 kite shield (worn)
Jewellery
 b - an uncursed ring of flight
 d - a +6 ring of dexterity (left hand)
 l - an uncursed ring of protection from magic
 q - an uncursed ring of positive energy
 r - a +6 ring of strength (right hand)
 K - the ring "Wott" {rF+ rC+ Stlth+}
   (You acquired it on level 11 of the Dungeon)

   [ring of protection from cold]

   It protects you from fire.
   It protects you from cold.
   It makes you more stealthy.
 R - an uncursed ring of protection from fire
 W - an amulet of faith (around neck)
Wands
 p - a wand of flame (15)
 C - a wand of polymorph (11)
 P - a wand of iceblast (1)
Scrolls
 k - a scroll of identify
 z - 13 scrolls of remove curse
 L - a scroll of acquirement
 Y - 4 scrolls of enchant weapon
 Z - a scroll of enchant armour
Potions
 e - 2 potions of lignification
 f - 9 potions of curing
 g - 2 potions of flight
 n - 4 potions of mutation
 t - a potion of cancellation
 F - 8 potions of magic
 N - 2 potions of heal wounds
 O - 2 potions of ambrosia
 X - a potion of resistance


   Skills:
 + Level 10.3 Fighting
 * Level 10.5 Axes
 + Level 12.5 Armour
 + Level 8.2 Dodging
 + Level 11.0 Shields
 + Level 10.7 Invocations


You had 13 spell levels left.
You didn't know any spells.
Your spell library was empty.

Dungeon Overview and Level Annotations

Branches:
Dungeon (15/15)            Temple (1/1) D:4            Lair (0/6) D:8
    Orc (1/2) D:11         Vaults (0/5) D:14         Bailey (visited)
 Depths: D:15

Altars:
Ashenzari
Cheibriados
Dithmenos
Elyvilon
Fedhas
Gozag
Hepliaklqana
Kikubaaqudgha
Makhleb
Nemelex Xobeh
Okawaru
Qazlal
Ru
Sif Muna
Trog
Uskayaw
Vehumet
Wu Jian
Xom
Yredelemnul
Zin
The Shining One

Shops:
D:8 *   D:13 *

Annotations:
D:7 corrupted
Orc:1 Erica
Abyss:1 Azrael, Joseph


Innate Abilities, Weirdness & Mutations

You cannot be hasted, slowed, berserked, paralysed or teleported.
You can dig through walls and to a lower floor.
Your four strong arms can wield two-handed weapons with a shield.
You have a pair of large antennae on your head. (SInv)


Message History

You start resting.
An ogre comes into view. It is wielding a +0 giant spiked club.
An ogre mage comes into view. It is wielding a +0 flail.
The ogre mage shouts!
You hear a shout!
The ogre mage mumbles some strange words.
The ogre mage seems to speed up.
You hear two shouts!
A two-headed ogre comes into view.
It is wielding a +0 giant club and a +0 giant spiked club.
The two-headed ogre shouts in stereo!
You hear a shout!
The two-headed ogre moves out of view.
An ogre and a two-headed ogre come into view.
The ogre shouts!
The two-headed ogre shouts in stereo!
You block the ogre's attack.
There is a stone staircase leading up here.
The ogre completely misses you. The ogre mage hits you with a +0 flail.
* * * LOW HITPOINT WARNING * * *
You climb upwards.
The yak closely misses you. The white ugly thing gores you!
* * * LOW HITPOINT WARNING * * *
The white ugly thing freezes you!!
You die...

#. {{ # ..#.#.....#..#.....#
..{ { #.###.#.#.....#..#.....#
#Y{ ......#.....#..#.....# #.{
.....#.....'..'.....#
#.Yu#######.#..#.....'..'.....#
#..{{...{.#.#..#######..#######
#..u#####.#.#..................
### ##.#.#.YO.....[.........
#..u.Y.@####''#..#''####
#..###u##.....#..#†....#
#.......#.....#..#.....#
#.#######.....#..#.....#
#.....# #.....#..#.....#
#####.# #∩....#..#.....# #.#
#######..####### #.# #..#.# ###
#.# #..#.# ..


You could see 2 ugly things, 2 yaks and an ogre.

Vanquished Creatures
  Gastronok (D:9)
  An ironheart preserver (D:14)
  Snorg (D:13)
  An ogre mage (D:13)
  Erolcha (D:10)
  A hydra (D:11)
  A centaur warrior (D:14)
  12 two-headed ogres
  An orc knight (Bailey)
  Pikel (D:5)
  3 ugly things
  A cyclops (D:12)
  A manticore (D:13)
  2 gargoyles
  2 kobold demonologists
  A tengu conjurer (D:13)
  A troll (D:13)
  4 hornets
  4 slime creatures (D:13)
  6 hippogriffs
  A meliai zombie (D:12)
  A water elemental (D:13)
  A vampire (D:10)
  4 wraiths
  12 yaks
  3 fire elementals (D:12)
  A basilisk (D:14)
  2 wyverns
  Grum (D:9)
  2 vampire mosquitoes (D:13)
  2 water moccasins
  A soldier ant (D:11)
  4 hell hounds (D:12)
  An eye of draining (D:8)
  8 orc warriors
  6 sky beasts
  2 ice beasts
  2 black bears
  2 phantoms (D:4)
  4 wolves (D:9)
  8 ogres
  6 centaurs
  3 lemures (D:5)
  3 big kobolds
  6 bullfrogs
  A gnoll sergeant (D:7)
  2 scorpions
  13 wights
  8 killer bees
  3 howler monkeys (D:11)
  12 electric eels
  A bullfrog zombie (D:7)
  4 centaur zombies
  7 orc priests
  7 jellies
  4 hounds
  6 orc wizards
  Crazy Yiuf (D:7)
  A centaur skeleton (D:12)
  3 iguanas
  12 worker ants
  A hound zombie (D:9)
  A worker ant zombie (D:11)
  A howler monkey skeleton (D:5)
  22 gnolls
  A river rat (D:3)
  11 adders
  A white imp (D:10)
  2 ufetubi
  2 adder zombies (D:5)
  4 worms
  5 leopard geckos
  50 orcs
  3 ball pythons
  A giant cockroach (D:2)
  4 goblins
  16 hobgoblins
  12 jackals (D:1)
  5 quokkas
  11 bats
  4 frilled lizards (D:1)
  25 kobolds
  3 quokka skeletons
  A quokka zombie (D:5)
  15 rats
418 creatures vanquished.

Vanquished Creatures (others)
  Maggie (D:7)
  Prince Ribbit (D:7)
  Menkaure (D:7)
  A sky beast (D:11)
  2 ogres (D:7)
  A centaur (D:7)
  2 bullfrogs (D:7)
  A gnoll sergeant (D:7)
  An iguana (D:7)
  3 gnolls (D:7)
  A leopard gecko (D:7)
  19 plants (D:8)
  2 starspawn tentacles (D:7)
36 creatures vanquished.

Grand Total: 454 creatures vanquished

Notes
Turn   | Place    | Note
-------+----------+-------------------------------------------
     0 | Abyss:1  | PentaManta the Formicid Abyssal Knight began the quest for
                  | the Orb.
     0 | Abyss:1  | Reached XP level 1. HP: 18/18 MP: 2/2
    32 | Abyss:1  | Noticed a quasit
    39 | D:1      | Escaped the Abyss
   127 | D:1      | Reached XP level 2. HP: 22/24 MP: 3/3
   442 | D:1      | Reached ** piety under Lugonu
   633 | D:1      | Reached XP level 3. HP: 29/29 MP: 4/4
  1582 | D:2      | Reached XP level 4. HP: 35/35 MP: 5/5
  2766 | D:3      | Found a glowing silver altar of Zin.
  2790 | D:3      | Reached *** piety under Lugonu
  2930 | D:3      | You fall into a shaft and drop 1 floor!
  3166 | D:3      | Reached skill level 1 in Shields
  3791 | D:3      | Reached XP level 5. HP: 39/41 MP: 6/6
  4350 | D:4      | Noticed a phantom
  5062 | D:4      | Found a staircase to the Ecumenical Temple.
  5080 | Temple   | Entered the Ecumenical Temple
  5665 | D:5      | Entered Level 5 of the Dungeon
  6772 | D:5      | Reached skill level 5 in Axes
  6772 | D:5      | Reached skill level 1 in Dodging
  6772 | D:5      | Reached XP level 6. HP: 36/47 MP: 7/7
  7294 | D:5      | Noticed Pikel
  7320 | D:5      | Killed Pikel
  7320 | D:5      | Reached skill level 4 in Armour
  7320 | D:5      | Reached XP level 7. HP: 34/54 MP: 7/9
  7320 | D:5      | Reached XP level 8. HP: 38/60 MP: 7/10
  7581 | D:5      | Reached **** piety under Lugonu
  7602 | D:5      | Found a bloodstained altar of Trog.
  7862 | D:6      | Noticed a hornet
  7886 | D:6      | Killed a hornet
  8153 | D:6      | Reached skill level 5 in Armour
  8166 | D:6      | Found a basalt altar of Yredelemnul.
  8334 | D:6      | Noticed a hippogriff
  8475 | D:6      | Reached XP level 9. HP: 37/67 MP: 12/12
  8483 | D:6      | Reached skill level 5 in Fighting
  8718 | D:6      | Reached skill level 5 in Invocations
  8759 | D:6      | Reached skill level 6 in Armour
  8759 | D:6      | Reached skill level 5 in Shields
  8769 | D:6      | Found a stormy altar of Qazlal.
  8814 | D:6      | Killed a hippogriff
  9016 | D:6      | Found an ornate altar of the Wu Jian Council.
  9359 | D:7      | Noticed Maggie
  9359 | D:7      | Noticed Menkaure
  9364 | D:7      | Noticed Prince Ribbit
  9366 | D:7      | Corrupted D:7
  9366 | D:7      | Noticed a starcursed mass
  9366 | D:7      | Noticed a large abomination
  9366 | D:7      | Noticed a starcursed mass
  9366 | D:7      | Noticed a hellwing
  9366 | D:7      | Noticed a starcursed mass
  9366 | D:7      | Noticed a demonic crawler
  9366 | D:7      | Noticed a rakshasa
  9366 | D:7      | Noticed a spatial maelstrom
  9366 | D:7      | Noticed a tentacled starspawn
  9367 | D:7      | Noticed a worldbinder
  9367 | D:7      | Noticed a purple draconian
  9369 | D:7      | Noticed a blink frog
  9370 | D:7      | Killed Maggie
  9371 | D:7      | Noticed a balrug
  9371 | D:7      | Killed Menkaure
  9371 | D:7      | Killed Prince Ribbit
  9371 | D:7      | Noticed an orange demon
  9380 | D:7      | Noticed a large abomination
  9382 | D:7      | Noticed a large abomination
  9383 | D:7      | Noticed a large abomination
  9385 | D:7      | Noticed a blizzard demon
  9684 | D:7      | Noticed Joseph
  9689 | D:7      | Banished Joseph
 10098 | D:7      | Noticed a thrashing horror
 10127 | D:7      | Found a shimmering altar of Xom.
 10162 | D:7      | Reached skill level 7 in Armour
 10256 | D:7      | Reached XP level 10. HP: 57/76 MP: 14/14
 10489 | D:7      | Got a faintly humming leather armour
 10519 | D:7      | Identified the cursed +1 leather armour of the Forest
                  | {*Drain MR++ Int+7} (You found it on level 7 of the
                  | Dungeon)
 10673 | D:7      | Found a runed translucent door.
 10676 | D:7      | Noticed Crazy Yiuf
 10728 | D:7      | Found a hazy altar of Hepliaklqana.
 10840 | D:7      | Killed Crazy Yiuf
 10936 | D:8      | Found Reenn's General Store.
 11078 | D:8      | Reached skill level 8 in Armour
 11287 | D:8      | Noticed a two-headed ogre
 11539 | D:8      | Found a staircase to the Lair.
 11757 | D:8      | Found a shadowy altar of Dithmenos.
 12037 | D:8      | Banished a two-headed ogre
 12559 | D:8      | Found a glowing golden altar of the Shining One.
 12560 | D:8      | Found an ancient bone altar of Kikubaaqudgha.
 12759 | D:9      | Noticed a gargoyle
 12765 | D:9      | Noticed a two-headed ogre
 12767 | D:9      | Killed a gargoyle
 12767 | D:9      | Reached skill level 9 in Armour
 12767 | D:9      | Reached skill level 5 in Dodging
 12767 | D:9      | Reached XP level 11. HP: 78/84 MP: 16/16
 12962 | D:9      | Noticed a two-headed ogre
 12974 | D:9      | Killed a two-headed ogre
 13025 | D:9      | Noticed Grum
 13025 | D:9      | Noticed a two-headed ogre
 13045 | D:9      | Killed a two-headed ogre
 13062 | D:9      | Killed Grum
 13180 | D:9      | Killed a two-headed ogre
 13729 | D:9      | Noticed Gastronok
 13757 | D:9      | Killed Gastronok
 13757 | D:9      | Reached skill level 10 in Armour
 14308 | D:10     | Entered Level 10 of the Dungeon
 14324 | D:10     | Noticed a two-headed ogre
 14341 | D:10     | Killed a two-headed ogre
 14341 | D:10     | Reached XP level 12. HP: 54/92 MP: 18/18
 14825 | D:10     | Noticed Erolcha
 14848 | D:10     | Killed Erolcha
 15116 | D:10     | Noticed a two-headed ogre
 15117 | D:10     | Got a crystal long sword
 15128 | D:10     | Killed a two-headed ogre
 15726 | D:10     | Reached skill level 11 in Armour
 15764 | D:10     | Found a sacrificial altar of Ru.
 16611 | D:11     | Reached ***** piety under Lugonu
 16720 | D:11     | Noticed a two-headed ogre
 16732 | D:11     | Killed a two-headed ogre
 17061 | D:11     | Found a staircase to the Orcish Mines.
 17499 | D:11     | Noticed an eight-headed hydra
 17511 | D:11     | Killed an eight-headed hydra
 17674 | D:11     | Identified a scroll of acquirement
 17674 | D:11     | Acquired the ring "Wott" {rF+ rC+ Stlth+}
 17829 | D:12     | Noticed a two-headed ogre
 17839 | D:12     | Killed a two-headed ogre
 17944 | D:12     | Reached XP level 13. HP: 98/101 MP: 20/20
 18353 | D:12     | Noticed Azrael
 18446 | D:12     | HP: 4/101 [Azrael/damnation (48)]
 18447 | D:12     | Banished Azrael
 18447 | D:12     | Reached skill level 10 in Shields
 19054 | D:12     | Found a radiant altar of Vehumet.
 19106 | D:12     | Found a shimmering altar of Xom.
 19106 | D:12     | Found a basalt altar of Yredelemnul.
 19108 | D:12     | Found a burning altar of Makhleb.
 19108 | D:12     | Found an opulent altar of Gozag.
 19108 | D:12     | Found a shattered altar of Ashenzari.
 19192 | D:12     | Reached skill level 10 in Invocations
 19373 | D:13     | Found a flagged portal.
 19378 | D:13     | Noticed a centaur warrior
 19383 | D:13     | Noticed an ogre mage
 19387 | Bailey   | Entered a bailey
 19572 | Bailey   | Reached skill level 12 in Armour
 21128 | D:14     | Killed a centaur warrior
 21187 | D:13     | Killed an ogre mage
 21187 | D:13     | Reached skill level 10 in Fighting
 21254 | D:11     | Identified the +8 long sword "Nihonuoz" {drain, rElec rN+}
                  | (You found it on level 10 of the Dungeon)
 22184 | D:12     | Reached skill level 10 in Axes
 22312 | D:13     | Found Waenibusa's Elemental Accessories.
 22426 | D:13     | Reached ****** piety under Lugonu
 23249 | D:13     | Noticed Snorg
 23289 | D:13     | Killed Snorg
 23289 | D:13     | Reached XP level 14. HP: 74/110 MP: 21/21
 23413 | Orc:1    | Entered Level 1 of the Orcish Mines
 23413 | Orc:1    | Noticed Erica
 24458 | D:14     | Found a gate to the Vaults.
 24458 | D:14     | Noticed an ironheart preserver
 24482 | D:14     | Killed an ironheart preserver
 24743 | D:14     | HP: 2/110 [red ugly thing (12)]
 24744 | D:15     | Entered Level 15 of the Dungeon
 24843 | D:14     | Demolished by a white ugly thing

Illustrated notes

Levels and vault maps discovered:
D:1:      minmay_arrival_jagged, layout_loops_ring
D:2:      layout_basic
D:3:      layout_loops_corners, lemuel_round_altar, portal_sewer_entry_b,
          kennysheep_generic_room_10
D:4:      layout_basic, temple_pool_b
D:5:      layout_loops_corners, kennysheep_mini, uniq_pikel
D:6:      layout_basic, nicolae_qazlal_style_of_elements, minitemple,
          minmay_manual_monstrance
D:7:      layout_rooms, lemuel_coloured_pillars_altar, basic_altar, uniq_maggie,
          uniq_prince_ribbit1, uniq_joseph, uniq_menkaure,
          uniq_crazy_yiuf_cottage
D:8:      layout_basic, nicolae_overflow_hidden_temple,
          gammafunk_temple_overflow_statue, lair_entry_dummy, serial_shops,
          shop, hangedman_abyss_or_decor_stagger, serial_bayou_lake_a
D:9:      layout_roguey, uniq_grum, uniq_gastronok
D:10:     layout_gridville, nicolae_ru_path_of_blood, uniq_erolcha
D:11:     layout_big_octagon, erik_orc_2
D:12:     layout_loops_ring, doesnt_xom_only_xom, uniq_azrael
D:13:     layout_basic, enter_bailey_6, nicolae_elemental_shop, uniq_snorg
D:14:     layout_basic, skrybe_vaults_entry_preservation,
          hangedman_abyss_or_decor_passed, minivault_26, uniq_louise
D:15:     hangedman_depths_entry_try_elsewhere_first, layout_irregular_city,
          enter_trove_1, minmay_misc_feat_secret_circle, nooodl_orcs_dogs
Temple:   cyrus_circular_temple
Orc:1:    layout_caves, serial_shops, shop_coins, mines3_lemuel, uniq_erica,
          uniq_fannar

Skill      XL: |  1  2  3  4  5  6  7  8  9 10 11 12 13 14 |
---------------+-------------------------------------------+-----
Axes           | 3 4 5 6 7 8 9 10 | 10.5
Shields        | 1 2 3 4 5 7 8 9 10 11 | 11.0
Dodging        | 1 2 3 4 5 6 8 |  8.2
Fighting       | 4 5 7 8 9 10 | 10.3
Armour         | 4 5 7 9 10 11 12 | 12.5
Invocations    | 3 4 5 7 8 9 10 | 10.7

Action                   |  1- 3 |  4- 6 |  7- 9 | 10-12 | 13-15 || total
-------------------------+-------+-------+-------+-------+-------++-------
Melee: Hand axe          |   124 |   178 |   129 |   692 |   674 ||  1797
       Dagger            |       |   420 |       |       |       ||   420
       Whip              |       |       |    49 |       |       ||    49
       Trident           |       |       |       |    14 |       ||    14
       Battleaxe         |       |       |       |       |     9 ||     9
       Broad axe         |       |       |       |       |    24 ||    24
       Halberd           |       |       |       |       |    22 ||    22
Throw: Dart              |       |    19 |     9 |     8 |       ||    36
Invok: Banish            |       |     1 |     1 |     3 |     4 ||     9
       Bend Space        |       |       |     2 |     8 |     1 ||    11
       Corrupt           |       |       |     1 |       |       ||     1
 Abil: Dig               |       |     4 |       |       |       ||     4
Evoke: Wand              |       |       |       |    11 |       ||    11
  Use: Scroll            |     8 |     9 |       |    10 |     6 ||    33
       Potion            |       |     1 |     1 |     2 |     5 ||     9
Armor: Ring mail         |    43 |    47 |       |       |       ||    90
       Leather armour    |     4 |   141 |       |       |       ||   145
       Plate armour      |    11 |    82 |   114 |   276 |   253 ||   736
Dodge: Dodged            |    78 |   325 |    55 |   222 |   208 ||   888
Block: Buckler           |       |   190 |    59 |    84 |       ||   333
       Kite shield       |       |       |       |   262 |   362 ||   624

Table legend: (Time is in decaauts)
 A = Elapsed time spent in this place.
 B = Non-inter-level travel time spent in this place.
 C = Inter-level travel time spent in this place.
 D = Time resting spent in this place.
 E = Time spent auto-exploring this place.
 F = Levels seen in this place.
 G = Mean time per level.
                   A        B        C        D        E       F      G
               +--------+--------+--------+--------+--------+-----+--------+
         Total |  24782 |  23198 |   1584 |   6401 |  10447 |  19 | 1304.3 |
       Dungeon |  23811 |  22235 |   1576 |   5996 |  10282 |  15 | 1587.4 |
        Temple |     51 |     43 |      8 |      0 |     42 |   1 |   51.0 |
  Orcish Mines |      1 |      1 |      0 |      0 |      0 |   1 |    1.0 |
         Abyss |     39 |     39 |      0 |      0 |      0 |   1 |   39.0 |
        Bailey |    877 |    877 |      0 |    405 |    123 |   1 |  877.0 |
               +--------+--------+--------+--------+--------+-----+--------+

Top non-repeatable levels by time:
     D:5: 2267 daAuts
     D:6: 2235 daAuts
     D:3: 2170 daAuts
    D:13: 2008 daAuts
    D:11: 1985 daAuts
    D:10: 1797 daAuts
     D:8: 1773 daAuts
    D:12: 1740 daAuts
     D:9: 1498 daAuts
     D:1: 1448 daAuts
     D:2: 1274 daAuts
    D:14: 1248 daAuts
     D:4: 1150 daAuts
     D:7: 1113 daAuts
  Bailey: 877 daAuts
